 Dungeon Crawl Stone Soup version 0.18.1-5-g4a78601 (webtiles) character file.

5010 Larett the Dwarven Catastrophe (level 10, -6/76 HPs)
             Began as a Deep Dwarf Artificer on May 14, 2016.
             Was an Elder of Qazlal.
             Mangled by a catoblepas (16 damage)
             ... on level 8 of the Dungeon.
             The game lasted 00:35:31 (7946 turns).

Larett the Dwarven Catastrophe (DDAr)               Turns: 7946, Time: 00:35:32

Health: -6/76      AC:  9    Str: 14    XL:     10   Next: 29%
Magic:  13/13      EV: 11    Int: 13    God:    Qazlal [****..]
Gold:   222        SH:  5    Dex: 15    Spells: 0 memorised, 9 levels left

rFire  . . .     SeeInvis .     a - +3 spear of Sutawnua {drain, rN++ Str-4}
rCold  + . .     Gourm    .     P - +3 ring mail
rNeg   + + +     Faith    .     (no shield)
rPois  +         Spirit   .     p - +0 helmet
rElec  .         Dismiss  .     (no cloak)
rCorr  .         Reflect  .     (no gloves)
SustAt .         Harm     .     (no boots)
MR     +....     Clarity  +     (no amulet)
Stlth  +.........               m - ring of positive energy
                                M - ring of poison resistance

@: non-regenerating, repel missiles, somewhat resistant to hostile enchantments,
very unstealthy
A: damage resistance, recharge devices, agile 1, clarity, cold resistance 1,
sense surroundings 2, poison resistance, slow regeneration 3
a: Device Recharging, Upheaval, Elemental Force, Renounce Religion


You were on level 8 of the Dungeon.
You worshipped Qazlal.
Qazlal was greatly pleased with you.
You were not hungry.

You visited 2 branches of the dungeon, and saw 9 of its levels.

You collected 446 gold pieces.
You spent 224 gold pieces at shops.

Inventory:

Hand Weapons
 a - the +3 spear of Sutawnua (weapon) {drain, rN++ Str-4}
   (You bought it in a shop on level 4 of the Dungeon)

   A truly terrible weapon, it drains the life of those it strikes.
   It affects your strength (-4).
   It greatly protects you from negative energy.
 b - a +0 hunting sling
Missiles
 h - 231 stones (quivered)
 j - 95 sling bullets
 q - 25 arrows
 z - 3 tomahawks
 T - 16 poisoned needles
 U - 44 bolts
 V - 7 curare-tipped needles
Armour
 p - a +0 helmet (worn)
 P - a +3 ring mail (worn)
Jewellery
 m - a ring of positive energy (right hand)
 w - a +2 ring of dexterity
 y - an uncursed amulet of dismissal
 E - an uncursed ring of see invisible
 M - a ring of poison resistance (left hand)
 O - an uncursed ring of fire
Wands
 c - a wand of flame (11/48)
 d - a wand of enslavement (11/24)
 e - a wand of random effects (15/48)
 f - a wand of heal wounds (1/9)
 o - a wand of flame (25/48)
Scrolls
 i - 2 scrolls of teleportation
 k - a scroll of immolation {unknown}
 r - 2 scrolls of recharging
 H - 2 scrolls of magic mapping
 I - 5 scrolls of amnesia
 S - a scroll of vulnerability {unknown}
 X - a scroll of holy word {unknown}
 Y - a scroll of enchant weapon {unknown}
Potions
 n - a potion of beneficial mutation {unknown}
 s - 2 potions of berserk rage
 t - 2 potions of flight
 u - a potion of might {unknown}
 v - 2 potions of heal wounds
 x - 3 potions of curing
 B - a potion of resistance {unknown}
 C - 2 potions of haste
 Q - 2 potions of degeneration {unknown}
 R - a potion of magic {unknown}
Comestibles
 g - a chunk of flesh {@w1}
 G - 7 meat rations
 Z - a royal jelly


   Skills:
 - Level 0.8 Fighting
   Level 8.9 Short Blades
 - Level 2.1 Dodging
 - Level 1.2 Stealth
 + Level 13.1 Invocations
 - Level 8.1 Evocations


You had 9 spell levels left.
You didn't know any spells.

Dungeon Overview and Level Annotations

Branches:
Dungeon (8/15)             Temple (1/1) D:4            Lair (0/8) D:8

Altars:
Ashenzari
Cheibriados
Dithmenos
Elyvilon
Fedhas
Gozag
Kikubaaqudgha
Makhleb
Nemelex Xobeh
Okawaru
Pakellas
Qazlal
Ru
Sif Muna
Trog
Vehumet
Xom
Yredelemnul
Zin
The Shining One

Shops:
D:4 (   D:5 (


Innate Abilities, Weirdness & Mutations

You are resistant to damage.
You can recharge devices by infusing magical energy.
You passively map the area around you.
You do not regenerate naturally.
You are agile. (Dex +2)
You possess an exceptional clarity of mind.
Your flesh is cold resistant.
Your system is resistant to poisons.


Message History

The blast of calcifying dust hits you!
You are engulfed in calcifying dust.
The catoblepas is engulfed in roaring flames.
The catoblepas gores you.
You are engulfed in calcifying dust.
The catoblepas is engulfed in roaring flames.
The catoblepas barely misses you.
You are engulfed in calcifying dust.
The catoblepas is engulfed in roaring flames.
The catoblepas gores you.
* * * LOW HITPOINT WARNING * * *
You are engulfed in calcifying dust.
The catoblepas is engulfed in roaring flames.
The catoblepas gores you but does no damage.
You turn to flesh and can move again.
The catoblepas is engulfed in roaring flames.
There is an open door here.
Clearing level map.
The catoblepas gores you!
You die...

....# ,,,*, *
#..# #.#.###
,* * ,##.##
..#...# , ,
,*, #..#
#######*
*######+####.#
......#,
#...#...# #.##
#######,,
+...'...# #..#
*,, * , #...#
##.# * **
##Y####..#
#.q......#
####.##..#
#.##..##
#..#...#
##...#.#
#...#.#####
#...#.#...#
#...#.....#
#.#.#>#.###


You could see a catoblepas.

Vanquished Creatures
  The ghost of jerkstore the Insei, a novice OpTm of Kikubaaqudgha (D:8)
  Pikel (D:8)
  The ghost of gramatan the Stinger, a novice DrVM of Nemelex Xobeh (D:5)
  An ugly thing (D:8)
  A komodo dragon (D:8)
  Menkaure (D:5)
  2 ice beasts
  2 orc warriors
  A sky beast (D:8)
  A phantom (D:4)
  2 slaves (D:8)
  An ogre (D:4)
  Dowan (D:5)
  3 jellies
  4 crimson imps
  A quasit (D:6)
  2 orc priests
  3 hounds
  9 orc wizards
  A gnoll shaman (D:8)
  A giant frog skeleton (D:5)
  2 centaur skeletons
  4 iguanas
  7 worker ants
  A killer bee zombie (D:5)
  10 gnolls
  11 adders
  4 oozes
  3 worms
  3 dart slugs
  5 giant geckos
  19 orcs
  2 giant cockroaches
  8 hobgoblins
  2 quokkas
  2 ball pythons
  8 bats
  A giant gecko skeleton (D:8)
  2 giant newts
  9 goblins
  7 kobolds
  A quokka skeleton (D:8)
  7 rats
  2 plants (D:8)
160 creatures vanquished.

Vanquished Creatures (collateral kills)
  The ghost of Warped the Fighter, a novice HuWn of Okawaru (D:6)
  Duvessa (D:5)
  A gnoll (D:2)
3 creatures vanquished.

Vanquished Creatures (others)
  A gnoll (D:2)
  A shadow imp (D:6)
  A plant (D:8)
3 creatures vanquished.

Grand Total: 166 creatures vanquished

Notes
Turn   | Place    | Note
--------------------------------------------------------------
     0 | D:1      | Larett the Deep Dwarf Artificer began the quest for the Orb.
     0 | D:1      | Reached XP level 1. HP: 16/16 MP: 3/3
   224 | D:1      | Reached XP level 2. HP: 16/24 MP: 5/5
   401 | D:1      | Reached skill level 5 in Evocations
   935 | D:2      | Reached XP level 3. HP: 20/30 MP: 7/7
   949 | D:2      | Reached skill level 6 in Evocations
  1371 | D:2      | Found a faded altar to an unknown god.
  1412 | D:2      | Became a worshipper of Qazlal Stormbringer
  1412 | D:2      | Reached * piety under Qazlal
  1487 | D:2      | Reached XP level 4. HP: 27/37 MP: 8/8
  1917 | D:3      | Reached skill level 7 in Evocations
  1936 | D:3      | HP: 3/37 [orc wizard/puff of frost (7)]
  1941 | D:3      | Reached XP level 5. HP: 31/43 MP: 10/10
  2172 | D:3      | Reached skill level 8 in Evocations
  2173 | D:3      | Reached ** piety under Qazlal
  2431 | D:3      | Reached skill level 1 in Short Blades
  2507 | D:3      | Reached skill level 1 in Invocations
  2753 | D:4      | Found an oddly glowing altar of Pakellas.
  2764 | D:4      | HP: 5/43 [iguana (8)]
  2843 | D:4      | Noticed a phantom
  2937 | D:4      | Reached skill level 2 in Invocations
  3031 | D:4      | Found an iron altar of Okawaru.
  3033 | D:4      | Found a blossoming altar of Fedhas.
  3038 | D:4      | Found an ancient bone altar of Kikubaaqudgha.
  3038 | D:4      | Found a deep blue altar of Sif Muna.
  3038 | D:4      | Found a basalt altar of Yredelemnul.
  3040 | D:4      | Found an opulent altar of Gozag.
  3042 | D:4      | Found a white marble altar of Elyvilon.
  3043 | D:4      | Found a snail-covered altar of Cheibriados.
  3089 | D:4      | Reached XP level 6. HP: 45/50 MP: 11/11
  3131 | D:4      | Found a staircase to the Ecumenical Temple.
  3155 | Temple   | Entered the Ecumenical Temple
  3477 | D:4      | Reached skill level 2 in Short Blades
  3486 | D:4      | Found Nuaruer's Antique Weapon Boutique.
  3699 | D:4      | Reached skill level 3 in Invocations
  3743 | D:4      | Reached skill level 3 in Short Blades
  3743 | D:4      | Reached skill level 4 in Invocations
  3860 | D:5      | Entered Level 5 of the Dungeon
  3906 | D:5      | Reached XP level 7. HP: 41/56 MP: 12/12
  3992 | D:5      | Noticed Menkaure
  4005 | D:5      | HP: 6/56 [Menkaure/nerve-wracking pain (10)]
  4016 | D:5      | Killed Menkaure
  4016 | D:5      | Reached skill level 5 in Invocations
  4340 | D:5      | Noticed Duvessa
  4340 | D:5      | Noticed Dowan
  4341 | D:5      | Noticed gramatan's ghost (novice DrVM)
  4347 | D:5      | Killed Duvessa
  4347 | D:5      | Reached skill level 4 in Short Blades
  4347 | D:5      | Reached skill level 6 in Invocations
  4352 | D:5      | Killed Dowan
  4395 | D:5      | HP: 10/56 [poisoned by gramatan's ghost (sting)]
  4401 | D:5      | HP: 11/56 [gramatan's ghost/bolt of negative energy (11)]
  4404 | D:5      | Killed gramatan's ghost
  4404 | D:5      | Reached skill level 5 in Short Blades
  4404 | D:5      | Reached skill level 7 in Invocations
  4404 | D:5      | Reached XP level 8. HP: 12/63 MP: 12/12
  4494 | D:5      | HP: 11/63 [giant frog skeleton (1)]
  4679 | D:5      | Found a deep blue altar of Sif Muna.
  4802 | D:5      | Found Juibaxide's Weapon Shoppe.
  4832 | D:4      | Bought an ichor-stained spear for 224 gold pieces
  4832 | D:4      | Identified the +3 spear of Sutawnua {drain, rN++ Str-4} (You bought it in a shop on level 4 of the Dungeon)
  5026 | D:6      | Reached skill level 8 in Invocations
  5040 | D:6      | Noticed Warped's ghost (novice HuWn)
  5057 | D:5      | HP: 12/63 [giant gecko (1)]
  5066 | D:5      | Reached *** piety under Qazlal
  5115 | D:6      | HP: 3/63 [Warped's ghost (19)]
  5118 | D:6      | HP: 1/63 [Warped's ghost (1)]
  5125 | D:6      | Paralysed by Warped's ghost for 2 turns
  5130 | D:6      | Killed Warped's ghost
  5130 | D:6      | Reached skill level 6 in Short Blades
  5130 | D:6      | Reached skill level 9 in Invocations
  5260 | D:6      | Gained mutation: You passively map the area around you. [Deep Dwarf growth]
  5260 | D:6      | Reached XP level 9. HP: 52/69 MP: 11/11
  5671 | D:6      | Reached skill level 10 in Invocations
  5819 | D:6      | Found a shadowy altar of Dithmenos.
  6116 | D:7      | Reached skill level 7 in Short Blades
  6812 | D:8      | Noticed jerkstore's ghost (novice OpTm)
  6835 | D:8      | HP: 9/69 [jerkstore's ghost (9)]
  6843 | D:8      | Killed jerkstore's ghost
  6843 | D:8      | Reached skill level 8 in Short Blades
  6843 | D:8      | Reached skill level 11 in Invocations
  6993 | D:8      | Noticed a komodo dragon
  6993 | D:8      | Found a staircase to the Lair.
  7024 | D:8      | Killed a komodo dragon
  7078 | D:8      | Reached skill level 12 in Invocations
  7146 | D:8      | Found a deep blue altar of Sif Muna.
  7167 | D:8      | Noticed Pikel
  7196 | D:8      | HP: 13/69 [Pikel/whip of freezing (3)]
  7216 | D:8      | Killed Pikel
  7216 | D:8      | Reached XP level 10. HP: 38/76 MP: 13/13
  7566 | D:7      | Reached **** piety under Qazlal
  7812 | D:8      | Noticed a green ugly thing
  7817 | D:8      | HP: 11/76 [green ugly thing (10)]
  7843 | D:8      | HP: 12/76 [green ugly thing (8)]
  7856 | D:8      | Killed a green ugly thing
  7856 | D:8      | Reached skill level 13 in Invocations
  7863 | D:8      | Gained mutation: Your magical capacity is low (-10% MP). [mutagenic meat]
  7864 | D:8      | Gained mutation: Your system is resistant to poisons. [mutagenic meat]
  7865 | D:8      | Gained mutation: Your flesh is cold resistant. [mutagenic meat]
  7866 | D:8      | Gained mutation: You are agile. (Dex +2) [mutagenic meat]
  7867 | D:8      | Lost mutation: Your magical capacity is low (-10% MP). [mutagenic meat]
  7868 | D:8      | Gained mutation: You possess an exceptional clarity of mind. [mutagenic meat]
  7932 | D:8      | Noticed a catoblepas
  7938 | D:8      | HP: 11/76 [catoblepas (14)]
  7946 | D:8      | Mangled by a catoblepas

Skill      XL: |  1  2  3  4  5  6  7  8  9 10 |
---------------+-------------------------------+-----
Evocations     | 5 6 7 8 |  8.1
Short Blades   | 1 3 5 6 8 |  8.9
Invocations    | 2 4 7 9 12 13 | 13.1
Fighting       | |  0.8
Dodging        | |  2.1
Stealth        | |  1.2

Action                   |  1- 3 |  4- 6 |  7- 9 | 10-12 || total
-------------------------+-------+-------+-------+-------++-------
Melee: Short sword       |   164 |    28 |       |       ||   192
       Dagger            |       |   208 |   140 |       ||   348
       Spear             |       |       |   342 |   118 ||   460
Throw: Stone             |    17 |    18 |       |       ||    35
 Abil: Device Recharging |       |     1 |     5 |       ||     6
Evoke: Wand              |     6 |     6 |    18 |     3 ||    33
  Use: Scroll            |     5 |     6 |     5 |       ||    16
       Potion            |       |       |       |     3 ||     3
 Stab: Sleeping          |     1 |       |       |       ||     1
  Eat: Chunk             |     2 |     6 |    11 |    10 ||    29
       Fruit             |       |     1 |       |       ||     1
       Beef jerky        |       |       |     1 |       ||     1
Armor: Leather armour    |    62 |    14 |       |       ||    76
       Chain mail        |       |    66 |    80 |       ||   146
       Ring mail         |       |     9 |    97 |    25 ||   131
Dodge: Dodged            |   124 |    85 |   180 |    60 ||   449
Block: Other             |     1 |    12 |    69 |    20 ||   102
